General information
- name: BNet
- type: Ladder team game (AT/RT)
- host: Battle.net
- saver: KOREAISBEST
map: DragonFalls
- players: 8
- length: 21:44
- speed: Fast
- version: 1.23 W3XP
- replay type: Public
» download(136 KB)
Players
team 1 (winner)

»
KOREAISBEST (
green | 220 APM | 4783 actions | 21:44)
6 Keeper of the Grove
3 Entangling Roots
2 Thorns Aura
1 Tranquility
» actions
| Assign group hotkey | 39 | |
| Basic commands | 82 | |
| Build / train | 59 | |
| Enter build submenu | 17 | |
| Enter hero's abilities submenu | 6 | |
| Give item / drop item | 1 | |
| Right click | 936 | |
| Select / deselect | 399 | |
| Select group hotkey | 3190 | |
| Use ability | 54 | |
4783 total
» units
| Wisp | 23 | |
| Huntress | 5 | |
| Dryad | 6 | |
| Archer | 9 | |
43 total
» upgrades
| Abolish Magic | 1 | |
| Improved Bows | 1 | |
| Marksmanship | 1 | |
| Strength of the Moon | 1 | |
4 total
» buildings
| Altar of Elders | 1 | |
| Moon Well | 9 | |
| Hunter's Hall | 1 | |
| Ancient of War | 2 | |
| Tree of Ages | 1 | |
| Ancient of Lore | 2 | |
| Tree of Eternity | 1 | |
| Ancient of Wonders | 1 | |
| Tree of Life | 1 | |
19 total
» build order
00:10 Altar of Elders
00:28 Moon Well
01:51 Hunter's Hall
01:57 Ancient of War
02:08 Ancient of War
02:34 Moon Well
02:36 Moon Well
04:00 Moon Well
04:28 Tree of Ages
06:58 Ancient of Lore
07:00 Ancient of Lore
08:30 Tree of Eternity
08:34 Moon Well
08:35 Moon Well
09:32 Ancient of Wonders
17:56 Tree of Life
19:34 Moon Well
19:36 Moon Well
19:38 Moon Well
» items
| Scroll of Town Portal | 1 | |
| Staff of Preservation | 1 | |
2 total
slart (
teal | 38 APM | 828 actions | 21:43)
6 Keeper of the Grove
2 Entangling Roots
3 Thorns Aura
1 Tranquility
» actions
| Assign group hotkey | 13 | |
| Basic commands | 12 | |
| Build / train | 77 | |
| Enter build submenu | 27 | |
| Enter hero's abilities submenu | 6 | |
| Remove unit from queue | 2 | |
| Right click | 233 | |
| Select / deselect | 251 | |
| Select group hotkey | 160 | |
| Use ability | 47 | |
828 total
» units
| Wisp | 20 | |
| Archer | 3 | |
| Huntress | 6 | |
| Dryad | 9 | |
| Druid of the Talon | 6 | |
| Hippogryph | 6 | |
50 total
» upgrades
| Strength of the Moon | 1 | |
| Abolish Magic | 1 | |
| Druid of the Claw Training | 2 | |
| Druid of the Talon Training | 2 | |
| Strength of the Wild | 3 | |
| Reinforced Hides | 3 | |
| Mark of the Talon | 1 | |
| Well Spring | 1 | |
| Nature's Blessing | 1 | |
| Mark of the Claw | 1 | |
16 total
» buildings
| Moon Well | 13 | |
| Altar of Elders | 1 | |
| Ancient of War | 1 | |
| Hunter's Hall | 1 | |
| Ancient of Wonders | 1 | |
| Ancient Protector | 1 | |
| Tree of Ages | 1 | |
| Tree of Life | 1 | |
| Ancient of Lore | 1 | |
| Ancient of Wind | 2 | |
| Tree of Eternity | 1 | |
24 total
» build order
00:22 Moon Well
00:36 Altar of Elders
00:50 Ancient of War
01:59 Moon Well
02:19 Hunter's Hall
02:34 Ancient of Wonders
02:49 Moon Well
03:33 Ancient Protector
04:19 Tree of Ages
05:01 Moon Well
06:46 Tree of Life
07:00 Ancient of Lore
08:24 Ancient of Wind
08:26 Ancient of Wind
08:35 Moon Well
08:38 Moon Well
09:42 Moon Well
12:48 Tree of Eternity
14:03 Moon Well
15:11 Moon Well
16:17 Moon Well
17:47 Moon Well
19:02 Moon Well
19:59 Moon Well
malabarkiller (
orange | 14 APM | 303 actions | 21:43)
1 Lich
1 Frost Armor
» actions
| Basic commands | 1 | |
| Build / train | 22 | |
| Enter build submenu | 10 | |
| Enter hero's abilities submenu | 1 | |
| Give item / drop item | 1 | |
| Right click | 155 | |
| Select / deselect | 97 | |
| Use ability | 16 | |
303 total
» units
» buildings
| Altar of Darkness | 2 | |
| Ziggurat | 2 | |
| Graveyard | 1 | |
| Crypt | 1 | |
6 total
» build order
00:23 Altar of Darkness
01:59 Ziggurat
04:31 Altar of Darkness
06:13 Graveyard
18:56 Crypt
21:00 Ziggurat
» items
| Circlet of Nobility | 1 | |
| Periapt of Vitality | 1 | |
| Scroll of Protection | 2 | |
4 total
seewolf (
pink | 32 APM | 687 actions | 21:43)
7 Mountain King
2 Storm Bolt
3 Bash
1 Thunder Clap
1 Avatar
5 Paladin
3 Holy Light
1 Divine Shield
1 Devotion Aura
» actions
| Assign group hotkey | 5 | |
| Build / train | 68 | |
| Enter build submenu | 21 | |
| Enter hero's abilities submenu | 12 | |
| Give item / drop item | 3 | |
| Remove unit from queue | 3 | |
| Right click | 251 | |
| Select / deselect | 134 | |
| Select group hotkey | 134 | |
| Use ability | 56 | |
687 total
» units
| Peasant | 9 | |
| Footman | 4 | |
| Mortar Team | 9 | |
| Gryphon Rider | 13 | |
| Knight | 5 | |
40 total
» upgrades
| Swords | 1 | |
| Plating | 1 | |
| Flare | 1 | |
| Storm Hammers | 1 | |
| Fragmentation Shards | 1 | |
| Animal War Training | 1 | |
6 total
» buildings
| Farm | 16 | |
| Altar of Kings | 1 | |
| Barracks | 1 | |
| Lumber Mill | 2 | |
| Scout Tower | 1 | |
| Arcane Tower | 1 | |
| Keep | 1 | |
| Blacksmith | 1 | |
| Workshop | 1 | |
| Castle | 1 | |
| Gryphon Aviary | 1 | |
| Arcane Vault | 1 | |
28 total
» build order
00:18 Farm
00:22 Altar of Kings
00:59 Barracks
01:05 Farm
01:06 Farm
01:14 Farm
01:14 Farm
01:24 Farm
01:28 Farm
01:56 Lumber Mill
02:33 Scout Tower
03:11 Arcane Tower
03:18 Farm
03:43 Farm
03:49 Farm
03:54 Lumber Mill
04:40 Keep
04:46 Blacksmith
06:54 Farm
07:06 Farm
07:09 Farm
07:20 Workshop
07:25 Castle
08:06 Gryphon Aviary
10:09 Arcane Vault
12:56 Farm
12:57 Farm
12:58 Farm
» items
| Orb of Venom | 1 | |
| Orb of Fire | 1 | |
2 total
team 2 (loser)

»
ztrace (
blue | 32 APM | 700 actions | 21:38)
2 Lich
1 Frost Nova
1 Frost Armor
» actions
| Assign group hotkey | 12 | |
| Basic commands | 5 | |
| Build / train | 46 | |
| Enter build submenu | 21 | |
| Enter hero's abilities submenu | 2 | |
| Right click | 299 | |
| Select / deselect | 168 | |
| Select group hotkey | 108 | |
| Use ability | 39 | |
700 total
» units
| Acolyte | 8 | |
| Ghoul | 7 | |
| Crypt Fiend | 8 | |
| Obsidian Statue | 8 | |
| Frost Wyrm | 3 | |
34 total
» upgrades
| Web | 1 | |
| Creature Attack | 1 | |
| Creature Carapace | 1 | |
| Destroyer Form | 1 | |
4 total
» buildings
| Ziggurat | 10 | |
| Altar of Darkness | 1 | |
| Crypt | 1 | |
| Graveyard | 1 | |
| Halls of the Dead | 1 | |
| Slaughterhouse | 2 | |
| Tomb of Relics | 1 | |
| Black Citadel | 1 | |
| Sacrificial Pit | 1 | |
| Boneyard | 1 | |
| Spirit Tower | 2 | |
| Nerubian Tower | 1 | |
23 total
» build order
00:12 Ziggurat
00:16 Altar of Darkness
00:45 Crypt
01:11 Graveyard
02:50 Ziggurat
02:55 Ziggurat
03:13 Halls of the Dead
06:09 Slaughterhouse
06:26 Tomb of Relics
06:31 Ziggurat
06:35 Ziggurat
06:44 Ziggurat
07:35 Black Citadel
10:27 Sacrificial Pit
10:33 Slaughterhouse
11:48 Boneyard
12:45 Ziggurat
12:51 Ziggurat
12:54 Ziggurat
13:04 Ziggurat
17:47 Spirit Tower
18:04 Nerubian Tower
18:08 Spirit Tower
Kinglavado (
yellow | 26 APM | 572 actions | 21:42)
4 Dreadlord
2 Vampiric Aura
2 Sleep
» actions
| Assign group hotkey | 12 | |
| Basic commands | 8 | |
| Build / train | 68 | |
| Enter build submenu | 18 | |
| Enter hero's abilities submenu | 4 | |
| Give item / drop item | 1 | |
| Remove unit from queue | 3 | |
| Right click | 128 | |
| Select / deselect | 210 | |
| Select group hotkey | 83 | |
| Use ability | 37 | |
572 total
» units
| Acolyte | 7 | |
| Ghoul | 5 | |
| Obsidian Statue | 6 | |
| Banshee | 3 | |
| Abomination | 11 | |
| Necromancer | 3 | |
35 total
» upgrades
| Unholy Strength | 3 | |
| Unholy Armor | 3 | |
| Banshee Training | 2 | |
| Necromancer Training | 2 | |
| Skeletal Mastery | 1 | |
| Skeletal Longevity | 1 | |
12 total
» buildings
| Crypt | 1 | |
| Ziggurat | 8 | |
| Altar of Darkness | 1 | |
| Tomb of Relics | 1 | |
| Graveyard | 1 | |
| Halls of the Dead | 4 | |
| Spirit Tower | 5 | |
| Black Citadel | 1 | |
| Temple of the Damned | 2 | |
| Slaughterhouse | 2 | |
26 total
» build order
00:09 Crypt
00:11 Ziggurat
00:33 Altar of Darkness
01:02 Ziggurat
02:07 Tomb of Relics
02:19 Graveyard
03:02 Halls of the Dead
05:40 Halls of the Dead
05:40 Halls of the Dead
05:40 Halls of the Dead
06:01 Ziggurat
06:05 Ziggurat
06:11 Ziggurat
06:57 Spirit Tower
06:58 Spirit Tower
07:03 Spirit Tower
07:07 Ziggurat
07:13 Ziggurat
07:17 Ziggurat
08:28 Black Citadel
08:33 Temple of the Damned
08:40 Temple of the Damned
08:43 Slaughterhouse
08:52 Slaughterhouse
18:40 Spirit Tower
18:42 Spirit Tower
» items
| Orb of Corruption | 1 | |
| Scroll of Town Portal | 2 | |
3 total
iNt]MjAcKsOn (
purple | 70 APM | 1108 actions | 15:53)
4 Death Knight
2 Death Coil
2 Unholy Aura
1 Lich
1 Frost Nova
» actions
| Assign group hotkey | 13 | |
| Basic commands | 11 | |
| Build / train | 41 | |
| ESC pressed | 2 | |
| Enter build submenu | 25 | |
| Enter hero's abilities submenu | 5 | |
| Right click | 558 | |
| Select / deselect | 166 | |
| Select group hotkey | 226 | |
| Use ability | 61 | |
1108 total
» units
| Acolyte | 9 | |
| Ghoul | 6 | |
| Crypt Fiend | 6 | |
21 total
» upgrades
| Web | 1 | |
| Burrow | 1 | |
| Creature Attack | 1 | |
| Creature Carapace | 1 | |
4 total
» buildings
| Graveyard | 1 | |
| Crypt | 2 | |
| Altar of Darkness | 1 | |
| Ziggurat | 9 | |
| Tomb of Relics | 2 | |
| Nerubian Tower | 2 | |
| Halls of the Dead | 2 | |
| Necropolis | 2 | |
| Spirit Tower | 1 | |
| Black Citadel | 1 | |
| Sacrificial Pit | 1 | |
| Boneyard | 3 | |
27 total
» build order
00:08 Graveyard
00:10 Crypt
00:44 Altar of Darkness
00:58 Ziggurat
01:25 Tomb of Relics
02:03 Ziggurat
02:34 Nerubian Tower
04:00 Ziggurat
04:24 Halls of the Dead
06:26 Necropolis
06:28 Ziggurat
06:30 Ziggurat
06:32 Ziggurat
07:25 Nerubian Tower
07:29 Spirit Tower
08:18 Necropolis
08:22 Ziggurat
09:12 Halls of the Dead
10:46 Crypt
10:56 Ziggurat
11:08 Tomb of Relics
11:34 Black Citadel
11:50 Sacrificial Pit
13:55 Boneyard
13:58 Boneyard
14:01 Boneyard
14:07 Ziggurat
» items
| Rod of Necromancy | 2 | |
| Sacrificial Skull | 1 | |
3 total
SmokeSumD(o)pe (
red | 48 APM | 913 actions | 18:56)
4 Blademaster
2 Wind Walk
2 Critical Strike
4 Shadow Hunter
2 Healing Wave
2 Hex
» actions
| Build / train | 67 | |
| Enter build submenu | 16 | |
| Enter hero's abilities submenu | 8 | |
| Give item / drop item | 5 | |
| Right click | 454 | |
| Select / deselect | 297 | |
| Use ability | 66 | |
913 total
» units
| Peon | 15 | |
| Wind Rider | 13 | |
| Shaman | 3 | |
| Kodo Beast | 1 | |
| Troll Witch Doctor | 2 | |
34 total
» upgrades
| Ranged Weapons | 3 | |
| Armor | 2 | |
| Envenomed Spears | 1 | |
| Shaman Training | 2 | |
| Witch Doctor Training | 2 | |
10 total
» buildings
| Altar of Storms | 1 | |
| Orc Burrow | 7 | |
| Voodoo Lounge | 1 | |
| War Mill | 1 | |
| Stronghold | 1 | |
| Beastiary | 3 | |
| Fortress | 1 | |
| Spirit Lodge | 2 | |
| Great Hall | 1 | |
18 total
» build order
00:08 Altar of Storms
00:11 Orc Burrow
00:38 Voodoo Lounge
01:45 War Mill
02:41 Stronghold
03:52 Orc Burrow
04:59 Orc Burrow
05:11 Beastiary
05:13 Beastiary
05:20 Beastiary
05:53 Fortress
08:34 Orc Burrow
08:40 Orc Burrow
11:34 Spirit Lodge
11:43 Great Hall
12:38 Orc Burrow
13:40 Orc Burrow
15:53 Spirit Lodge
» items
| Healing Salve | 2 | |
| Lesser Clarity Potion | 4 | |
| Circlet of Nobility | 1 | |
| Staff of Teleportation | 1 | |
| Boots of Speed | 1 | |
9 total
Chat log
(00:24 / Allies) slart: hey
(00:49 / All) iNt]MjAcKsOn: r.i.p.
(00:54 / All) Kinglavado: rip mj
(00:58 / All) KOREAISBEST: molster down
(01:06 / All) Kinglavado: fuck you green
(01:24 / All) Kinglavado: if your pathetic life had half the impact on the world his had
(01:36 / All) Kinglavado: maybe you wouldn't be at walmart, stealing wifi
(01:57 / All) iNt]MjAcKsOn: walmart has wifi?? O.o
(02:19 / All) ztrace: green just still hasn't forgiven mj for touching him in his naughtly place
(03:08 / Allies) slart: tower oj
(03:47 / All) iNt]MjAcKsOn: im a pro player btw
(04:07 / All) iNt]MjAcKsOn: not scared to surround
(04:10 / All) iNt]MjAcKsOn: :)
(04:20 / All) KOREAISBEST: who sponsers you and how much do you get payed and why arent you playing solo
(04:20 / All) KOREAISBEST: ?
(04:38 / All) iNt]MjAcKsOn: im a pro gamer
(04:43 / All) iNt]MjAcKsOn: and its the morning
(04:44 / All) KOREAISBEST: also why would anyone be scared to surround
(05:29 / Allies) seewolf: oj tower
(05:43 / All) iNt]MjAcKsOn: fail
(05:48 / All) KOREAISBEST: how
(05:56 / All) KOREAISBEST: i got a lich a fiend and an item
(06:00 / All) KOREAISBEST: and didnt lose a unit
(06:03 / All) iNt]MjAcKsOn: fail by me
(06:04 / All) iNt]MjAcKsOn: i mean
(06:07 / All) iNt]MjAcKsOn: i lost a unit
(06:13 / All) iNt]MjAcKsOn: because im eating breakfast though ...
(08:41 / All) iNt]MjAcKsOn: LET ME FINISH MY FUCKING POPTARTS
(12:00 / All) slart: i think oj is retarded
(12:13 / All) iNt]MjAcKsOn: hes noob
(12:17 / Allies) seewolf: think so
(12:18 / All) iNt]MjAcKsOn: :)))
(13:43 / Allies) slart: meet and attack?
(15:50 / All) iNt]MjAcKsOn: u guys are too good
(15:51 / All) iNt]MjAcKsOn: cya
(15:52 / All) iNt]MjAcKsOn: :)
(15:54 / All) Kinglavado: wait
(21:37 / All) ztrace: gg